AoeStats
← MalteDerBaer

Oasis

510143679Analyzed
2v2 RM · 20h ago on Sep 29, 2026· 33m 20s· 4 players
Game mode
Random Map
Map size
Medium (4 player)
Population
200
Speed
Normal
Resources
Standard
Victory
Conquest
Starting age
Dark Age
Ending age
Imperial Age
RankedLock teamsTeams togetherTeam positionsShared explorationLock speedFull tech treeHidden civsTurbo modeCheats
Victory
Defeat
🇩🇪 Lithuanians · Germany
1121
+17
🇩🇪 Inca · Germany
1097
+18
🇨🇳 Goths · China
1162
-19
🇲🇽 Teutons · Mexico
1117
-16
FlyDutch1
9:52 Feudal Age
8:08 Loom
10:47 Double-Bit Axe
12:47 Horse Collar
13:11 Fletching
19:29 Castle Age
19:44 Padded Archer Armor
19:47 Crossbowman
20:24 Bodkin Arrow
20:58 Thumb Ring
23:03 Bow Saw
23:57 Scale Barding Armor
24:02 Forging
25:24 Bloodlines
25:15 Husbandry
27:09 Chain Barding Armor
32:47 Wheelbarrow
MalteDerBaer
6:58 Loom
9:50 Feudal Age
11:54 Double-Bit Axe
11:46 Champi Runner
13:39 Horse Collar
15:23 Scale Mail Armor
17:26 Arson
19:04 Wheelbarrow
18:49 Forging
23:01 Castle Age
22:04 Stone Mining
23:15 Gold Mining
24:20 Hand Cart
24:49 Heavy Plow
25:03 Bow Saw
29:03 Chain Mail Armor
29:23 Iron Casting
28:39 Fletching
Thorin escudo de Roble
rower56
1:06 Loom
14:45 Feudal Age
15:30 Horse Collar
15:37 Double-Bit Axe
16:25 Bloodlines
16:39 Scale Barding Armor
16:45 Forging
17:24 Forging
26:18 Castle Age
24:36 Fletching
25:05 Stone Mining
25:05 Gold Mining
25:26 Gold Mining
27:16 Bodkin Arrow
Connection lost

Rejoining the realm…

Still unreachable

The connection could not be restored.

Session expired

The server has moved on; the page needs a fresh start.